 Dungeon Crawl Stone Soup version 0.31.0-9-g3a7656b989 (webtiles) character file.

Game seed: 5541118624292264658

626 Kass the Poker (level 7, -1/61 HPs)
             Began as a Minotaur Gladiator on Jan 31, 2024.
             Was a Follower of Qazlal.
             Succumbed to an orc's poison
             ... on level 5 of the Dungeon.
             The game lasted 00:11:05 (3030 turns).

Kass the Poker (Minotaur Gladiator)                 Turns: 3030, Time: 00:11:06

Health: -1/61      AC:  8    Str: 23    XL:     7   Next: 23%
Magic:  6/6        EV: 10    Int:  3    God:    Qazlal [*.....]
Gold:   263        SH:  2    Dex: 15    Spells: 6/6 levels left

rFire   + . .        u - +2 spear (venom)
rCold   . . .        (no shield)
rNeg    . . .        t - +0 chain mail
rPois   .            c - +0 hat
rElec   .            (no cloak)
rCorr   .            (no gloves)
SInv    .            (no boots)
Will    .....        (no amulet) Stlth
                     (no ring)
HPRegen 0.30/turn    (no ring)
MPRegen 0.10/turn

%: no passive effects
@: lethally poisoned (-1 -> -26)
A: horns 2, retaliatory headbutt, agile 1, fire resistance 1, strong 1
a: Renounce Religion


You were on level 5 of the Dungeon.
You worshipped Qazlal.
Qazlal was aware of your devotion.
You visited 1 branch of the dungeon, and saw 5 of its levels.

You collected 263 gold pieces.

Inventory:

Hand Weapons
 a - a +0 trident
 b - a +2 sling of freezing
 u - a +2 spear of venom (weapon)
Missiles
 d - 3 throwing nets (quivered)
 e - a javelin
 p - 19 poisoned darts
Armour
 c - a +0 hat (worn)
 t - a +0 chain mail (worn)
 x - a +0 leather armour
Wands
 y - a wand of roots (8)
Scrolls
 f - 3 scrolls of identify {unknown}
 g - 3 scrolls of immolation {unknown}
 k - a scroll of enchant armour {unknown}
 n - 2 scrolls of amnesia {unknown}
 q - 2 scrolls of enchant weapon {unknown}
 r - a scroll of fog {unknown}
 v - a scroll of teleportation {unknown}
 w - a scroll of fear {unknown}
Potions
 h - a potion of mutation
 i - 3 potions of haste {unknown}
 j - a potion of lignification {unknown}
 l - 3 potions of curing {unknown}
 m - a potion of invisibility {unknown}
 o - a potion of heal wounds {unknown}
 s - a potion of degeneration {unknown}
 z - a potion of resistance {unknown}


   Skills:
 + Level 5.2 Fighting
 + Level 5.9 Polearms
 + Level 4.3 Throwing
 + Level 5.3 Dodging


You had 6 spell levels left.
You didn't know any spells.
Your spell library contained the following spells:

 Spells                   Type           Power      Damage    Failure   Level
 Inner Flame              Hex/Fire       0%         N/A       100%        3
 Flame Wave               Conj/Fire      0%         2d4       100%        4
 Sticky Flame             Fire/Alch      0%         2d4       100%        4


Dungeon Overview and Level Annotations

Branches:
Dungeon (5/15)
 Temple: D:4-7

Altars:
Qazlal

Shops:
D:1 :   D:4 =


Innate Abilities, Weirdness & Mutations

You have a pair of horns on your head.
You reflexively headbutt those who attack you in melee.
You are agile. (Dex +4, Str/Int -1)
Your flesh is heat resistant. (rF+)
Your muscles are strong. (Str +4, Int/Dex -1)


Message History

The orc hits you from afar with a +1 trident of venom!
You are more poisoned.
You reach to attack!
You closely miss the orc.
You feel sick.
An orc wizard comes into view. It is wielding a +0 dagger.
The orc hits you from afar with a +1 trident of venom.
You reach to attack!
You barely miss the orc wizard.
You feel very sick.
The orc hits you from afar with a +1 trident of venom.
You are more poisoned.
You hear some strange, mumbled words.
A magic dart appears from out of thin air!
Deactivating autopickup; reactivate with Ctrl-A.
The magic dart hits you!
You hit the orc wizard but do no damage.
The orc wizard is poisoned.
You feel very sick. The orc wizard completely misses you.
You furiously retaliate!
You headbutt the orc wizard! The orc hits you but does no damage.
You are lethally poisoned!
You block something's attack.
You hit the orc wizard.
You kill the orc wizard!
Qazlal accepts your kill.
* * * LOW HITPOINT WARNING * * *
You feel very sick.
The orc hits you from afar with a +1 trident of venom.
* * * LOW HITPOINT WARNING * * *
You are more poisoned.
Something hits you.
* * * LOW HITPOINT WARNING * * *
You hit something. You headbutt something! Qazlal accepts your kill.
Reactivating autopickup.
You feel a bit more experienced.
* * * LOW HITPOINT WARNING * * *
You feel very sick.
Unknown command.
It was a potion of mutation.
You feel extremely strange.
You feel resistant to heat.
You feel agile.
You feel stronger.
You die...

######.##.#
.....#.##.#.# #.#
..#..#.##.#.# #.#
#.#.##.##.#.####.####
..#....##.#.##..<...
#.#######.#.# .....
#<........#.# .)o
#########.#.# #)#
..........# #@#
#........#####)#####..
>.....................
#........###########..
#........# #........#
#...)....# ##########


You could see an orc.

Vanquished Creatures
  An ogre (D:4)
  2 scorpions
  An orc priest (D:4)
  7 orc wizards
  Robin (D:4)
  4 gnolls (D:4)
  2 adders (D:2)
  2 dart slugs
  A ribbon worm (D:4)
  9 orcs
  9 bats
  5 endoplasms
  11 giant cockroaches
  22 goblins
  10 hobgoblins
  6 kobolds
  5 quokkas
  10 ball pythons
  5 frilled lizards
  8 rats
121 creatures vanquished.

Vanquished Creatures (others)
  An orc wizard (D:5)
1 creature vanquished.

Grand Total: 122 creatures vanquished

Notes
Turn   | Place    | Note
-------+----------+-------------------------------------------
     0 | D:1      | Kass the Minotaur Gladiator began the quest for the Orb.
     0 | D:1      | Reached XP level 1. HP: 18/18 MP: 0/0
    63 | D:1      | Reached XP level 2. HP: 25/25 MP: 1/1
    81 | D:1      | Found Camy's Book Shop.
   368 | D:1      | Reached XP level 3. HP: 31/31 MP: 2/2
  1040 | D:2      | Reached XP level 4. HP: 14/38 MP: 3/3
  1760 | D:3      | Noticed a fire elemental
  1763 | D:3      | Found a stormy altar of Qazlal.
  1765 | D:3      | Noticed an earth elemental
  1765 | D:3      | Noticed an air elemental
  1765 | D:3      | Noticed a water elemental
  1775 | D:3      | Became a worshipper of Qazlal Stormbringer
  2181 | D:4      | Noticed a scorpion
  2189 | D:4      | Killed a scorpion
  2190 | D:4      | Reached XP level 5. HP: 46/46 MP: 4/4
  2209 | D:4      | Noticed an ogre
  2213 | D:4      | Reached skill level 5 in Polearms
  2237 | D:4      | Killed an ogre
  2238 | D:4      | Reached XP level 6. HP: 9/53 MP: 5/5
  2555 | D:4      | Reached * piety under Qazlal
  2601 | D:4      | Noticed Robin
  2616 | D:4      | Killed Robin
  2760 | D:4      | Found Simne's Jewellery Shoppe.
  2846 | D:4      | Reached skill level 5 in Dodging
  2954 | D:5      | Entered Level 5 of the Dungeon
  3015 | D:5      | Reached skill level 5 in Fighting
  3015 | D:5      | Reached XP level 7. HP: 61/61 MP: 6/6
  3030 | D:5      | Gained mutation: Your flesh is heat resistant. (rF+)
                  | [potion of mutation]
  3030 | D:5      | Gained mutation: You are agile. (Dex +4, Str/Int -1)
                  | [potion of mutation]
  3030 | D:5      | Gained mutation: Your muscles are strong. (Str +4, Int/Dex
                  | -1) [potion of mutation]
  3030 | D:5      | Succumbed to an orc's poison

Illustrated notes

Levels and vault maps discovered:
D:1:      dpeg_arrival_line_fractal, layout_loops_ring, serial_shops, shop,
          minmay_hexomino_f4
D:2:      layout_basic, minmay_misc_feat_nine_boxes
D:3:      layout_basic, nicolae_qazlal_style_of_elements
D:4:      layout_rooms, serial_shops, nicolae_diamond_shop, uniq_robin
D:5:      layout_basic, nicolae_gozag_seed_capital, uniq_menkaure

Skill      XL: |  1  2  3  4  5  6 |
---------------+-------------------+-----
Polearms       | 4 5 |  5.9
Fighting       | 3 4 5 |  5.2
Dodging        | 4 5 |  5.3
Throwing       | 3 4 |  4.3

Action                     |  1- 3 |  4- 6 |  7- 9 || total
---------------------------+-------+-------+-------++-------
  Melee: Trident           |   109 |    50 |       ||   159
         Headbutt          |    13 |    21 |     3 ||    37
         Punch             |     1 |     1 |       ||     2
         Spear             |       |   113 |    15 ||   128
   Fire: Sling             |       |     7 |       ||     7
  Throw: Throwing net      |       |     2 |       ||     2
    Use: Potion            |       |       |     1 ||     1
 Armour: Leather armour    |    43 |    11 |       ||    54
         Chain mail        |       |    63 |    12 ||    75
  Dodge: Dodged            |    58 |    78 |     2 ||   138
  Block: Other             |       |     1 |     1 ||     2
